 Dungeon Crawl Stone Soup version 0.17-a0-1830-g81820eb (webtiles) character file.

17792 4thArraOfDagon the Grappler (level 12, -8/118 HPs)
             Began as a Troll Chaos Knight on Sept 13, 2015.
             Hit by a large rock thrown by a cyclops (28 damage)
             ... on level 3 of the Orcish Mines.
             The game lasted 00:30:49 (5586 turns).

4thArraOfDagon the Grappler (Troll Chaos Knight)    Turns: 5586, Time: 00:30:50

Health: -8/118     AC: 11    Str: 19 (23) XL:     12   Next: 22%
Magic:  23/23      EV:  8    Int: 12      God:    Xom [....*.]
Gold:   1444       SH:  7    Dex:  9      Spells: 0 memorised, 11 levels left

rFire  + + .     SeeInvis .       - Unarmed
rCold  x . .     Clarity  .     d - +0 fire dragon armour
rNeg   . . .     SustAt   .     c - +0 shield
rPois  +         Gourm    +     (helmet restricted)
rElec  .         Spirit   .     (no cloak)
rCorr  .         Warding  .     (gloves unavailable)
rMut   .         Stasis   .     (boots unavailable)
MR     .....                    m - amulet of regeneration
Stlth  ..........               G - ring of poison resistance
                                D - ring of magical power

@: not resistant to hostile enchantments, extremely unstealthy
A: unfitting armour, claws 3, repulsion field 1, deterioration 1, fast
metabolism 3, gourmand, regeneration 2, shaggy fur 1, tough skin 2
a: Renounce Religion


You were on level 3 of the Orcish Mines.
You worshipped Xom.
You were a beloved toy of Xom.
You were completely stuffed.

You visited 3 branches of the dungeon, and saw 15 of its levels.
You also visited: Ossuary, Bailey and Volcano.

You collected 1762 gold pieces.
You spent 318 gold pieces at shops.

Inventory:

Hand weapons
 s - a +0 executioner's axe
Armour
 c - a +0 shield (worn)
 d - a +0 fire dragon armour (worn)
 H - a +2 robe of fire resistance
Jewellery
 g - a cursed ring of teleportation
 m - an amulet of regeneration (around neck)
 v - an uncursed amulet of rage
 y - an uncursed amulet of resist corrosion
 D - a ring of magical power (left claw)
 G - a ring of poison resistance (right claw)
Magical devices
 i - a wand of fireball (10)
 r - a wand of fireball (5)
 A - a wand of random effects (15)
 C - a wand of invisibility (5)
 J - a wand of slowing (15)
 K - a wand of disintegration (12)
Scrolls
 e - 3 scrolls of remove curse
 j - 3 scrolls of enchant weapon
 l - 2 scrolls of recharging
 n - a scroll of blinking
Potions
 p - a potion of agility
 t - 3 potions of berserk rage
 u - a potion of beneficial mutation
 w - 2 potions of resistance
 x - 3 potions of poison
 z - 3 potions of curing
 E - a potion of ambrosia
 F - a potion of cancellation
 I - a potion of brilliance
 N - a potion of heal wounds
Comestibles
 a - 2 chunks of flesh
 b - 3 bread rations
 f - 8 meat rations
 h - 2 slices of pizza
 o - 3 beef jerkies
 q - 11 royal jellies
 L - 4 fruits


   Skills:
 - Level 7.2 Fighting
 - Level 2.2 Armour
 - Level 7.2 Dodging
 * Level 1.0 Shields
 * Level 14.5 Unarmed Combat
 - Level 5.1 Evocations


You had 11 spell levels left.
You didn't know any spells.

Dungeon Overview and Level Annotations

Branches:
Dungeon (10/15)            Temple (1/1) D:5            Lair (0/8) D:8
    Orc (4/4) D:9             Elf (0/3) Orc:3

Altars:
Ashenzari
Dithmenos
Fedhas
Gozag
Kikubaaqudgha
Nemelex Xobeh
Okawaru
Qazlal
Sif Muna
Trog
Vehumet
Yredelemnul
Zin
The Shining One
Beogh

Shops:
Orc:1 *   Orc:4 [*=(


Innate Abilities, Weirdness & Mutations

You are too large for most types of armour.
You have claws for hands.
Your metabolism is lightning-fast.
You like to eat raw meat.
You heal very quickly.
You are covered in fur (AC +1).
You have very tough skin (AC +2).
You are surrounded by a mild repulsion field (EV +2).
Your body sometimes deteriorates upon taking damage.


Message History

Unknown command.
You closely miss the electric eel.
The cyclops throws a large rock.
The large rock hits you!
Unknown command.
The electric eel shoots out a bolt of lightning at you!
The bolt of electricity hits you! The bolt of electricity misses you.
The electric eel shoots out a bolt of lightning at you!
The bolt of electricity hits you!
* * * LOW HITPOINT WARNING * * *
The bolt of electricity hits you!
* * * LOW HITPOINT WARNING * * *
The electric eel shoots out a bolt of lightning at you!
The bolt of electricity hits you!
The electric eel shoots out a bolt of lightning at you!
The bolt of electricity hits you!
* * * LOW HITPOINT WARNING * * *
The bolt of electricity misses you.
The cyclops throws a large rock.
The large rock hits you!!
You die...
Xom thinks this is hilarious!

##.##........## C≈≈≈..# ##
###......# ≈≈≈≈..# #......##
≈≈;..#### #.......#
#+#####.≈.##.#### ##.#..#.#
#.....#≈≈$.#..#.#######.####
#.....#≈≈..#.....#.###...###
#.C.C.+≈≈..#.....).§#....##.
+..C..+≈;(.@.......§#...##..
#.C.C.+≈≈..##......§...## #.
#.....#≈≈.####..###...## ##
#.....#≈≈.# #### ##.##
#+#####.≈## ##### ≈≈≈.
##.#.## ≈≈≈≈. #..... ##
#≈≈≈≈. ##...##.## .≈≈≈. ##
##........# #


You could see a cyclops and 2 electric eels.

Vanquished Creatures
  The ghost of Zebura the Deadly Accurate, a powerful CeBe of Trog (Orc:4)
  Erica (Orc:1)
  2 ogre magi (Orc:4)
  The ghost of MordorOrchid the Destroyer, an experienced OpFE of Vehumet (D:8)
  3 hill giants
  Pikel (D:8)
  An orc knight (Bailey)
  An orc sorcerer (Volcano)
  2 molten gargoyles (Volcano)
  11 two-headed ogres
  2 hungry ghosts
  3 yaks (D:9)
  3 wargs
  An ice beast (D:8)
  A slave (D:8)
  13 ogres
  18 orc warriors
  2 sky beasts (D:8)
  A centaur (D:9)
  3 giant frogs
  8 water moccasin zombies (Ossuary)
  The ghost of Ostanes the Ducker, a weakling TrFi (D:4)
  5 scorpions
  9 killer bees (D:7)
  4 crimson imps
  2 electric eels (D:9)
  A centaur zombie (D:7)
  A human zombie (D:5)
  A centaur skeleton (D:7)
  5 jellies
  16 orc priests
  12 orc wizards
  A giant frog skeleton (D:10)
  2 iguanas (D:7)
  Natasha (twice) (D:4)
  2 worker ants
  2 mummies (Ossuary)
  A worker ant zombie (D:5)
  Robin (D:2)
  6 adders
  A gnoll (Orc:1)
  5 oozes (D:9)
  6 adder zombies (Ossuary)
  2 worms
  A giant gecko (D:3)
  128 orcs
  7 bats
  3 giant cockroaches
  5 gnoll zombies (Ossuary)
  10 hobgoblins
  2 jackals (D:7)
  5 kobolds
  3 quokkas
  2 giant gecko skeletons (D:4)
  2 giant newts
  11 goblins
  6 hobgoblin zombies (Ossuary)
  5 kobold zombies (Ossuary)
  6 orc zombies (Ossuary)
  A quokka skeleton (D:6)
  A quokka zombie (D:9)
  5 rats
370 creatures vanquished.

Vanquished Creatures (collateral kills)
  2 ogre magi (Orc:4)
  An orc sorcerer (Orc:4)
  4 two-headed ogres (Orc:4)
  10 ogres (Orc:4)
  A centaur (D:10)
  A scorpion (D:7)
  A killer bee (D:7)
  2 orc wizards
  2 adders (D:7)
  8 orcs
  2 bats (D:7)
  2 jackals (D:7)
  2 fungi (D:7)
38 creatures vanquished.

Vanquished Creatures (others)
  A killer bee (D:7)
  An orc priest (D:5)
  2 kobolds (Bailey)
  5 fungi (D:7)
9 creatures vanquished.

Grand Total: 417 creatures vanquished

Notes
Turn   | Place    | Note
--------------------------------------------------------------
     0 | D:1      | 4thArraOfDagon the Troll Chaos Knight began the quest for the Orb.
     0 | D:1      | Reached XP level 1. HP: 22/22 MP: 0/0
     0 | D:1      | jj
     0 | D:1      | mustwin
    62 | D:1      | XOM: harmless Erth miscast
    92 | D:2      | XOM: stealth player
   112 | D:2      | Reached XP level 2. HP: 23/29 MP: 1/1
   281 | D:3      | Reached XP level 3. HP: 24/36 MP: 2/2
   356 | D:2      | XOM: divination: magic mapping
   363 | D:2      | Noticed Robin
   378 | D:2      | Reached skill level 4 in Unarmed Combat
   381 | D:2      | Killed Robin
   394 | D:2      | Reached XP level 4. HP: 42/44 MP: 3/3
   558 | D:4      | Noticed Ostanes's ghost (weakling TrFi)
   563 | D:4      | XOM: potion effect (berserk rage)
   572 | D:4      | XOM: cast spell 'Stoneskin'
   573 | D:4      | Killed Ostanes's ghost
   576 | D:4      | Reached XP level 5. HP: 53/53 MP: 4/4
   657 | D:5      | Entered Level 5 of the Dungeon
   659 | D:5      | Got a jewelled helmet
   662 | D:5      | Noticed an orc warrior
   668 | D:5      | XOM: enchant monster (good)
   686 | D:4      | Noticed an ogre
   694 | D:4      | XOM: butterfly on damage
   699 | D:4      | Noticed Natasha
   699 | D:4      | XOM: potion effect (heal wounds)
   703 | D:4      | Killed an ogre
   703 | D:4      | Reached skill level 5 in Unarmed Combat
   711 | D:4      | Killed Natasha
   711 | D:4      | Reached XP level 6. HP: 46/61 MP: 5/5
   764 | D:4      | Noticed Natasha
   773 | D:4      | Killed Natasha
   785 | D:4      | XOM: harmless Pois miscast
   802 | D:4      | XOM: silly message
   840 | D:5      | Found a sand-covered staircase.
   844 | Ossuary  | Entered an ossuary
   867 | Ossuary  | XOM: potion effect (berserk rage)
   870 | Ossuary  | XOM: harmless Hex miscast
   965 | Ossuary  | Reached skill level 6 in Unarmed Combat
   965 | Ossuary  | Reached XP level 7. HP: 68/68 MP: 6/6
   999 | Ossuary  | XOM: potion effect (berserk rage)
  1014 | Ossuary  | XOM: harmless Erth miscast
  1027 | Ossuary  | XOM: harmless Fire miscast
  1099 | D:5      | Reached skill level 7 in Unarmed Combat
  1148 | D:5      | Found a staircase to the Ecumenical Temple.
  1155 | Temple   | Entered the Ecumenical Temple
  1182 | Temple   | XOM: mild Erth miscast
  1286 | D:5      | Killed an orc warrior
  1411 | D:6      | Reached XP level 8. HP: 70/79 MP: 7/7
  1498 | D:7      | XOM: noise
  1498 | D:7      | Found a glowing silver altar of Zin.
  1539 | D:7      | XOM: divination: detect items
  1679 | D:7      | Found a shadowy altar of Dithmenos.
  1693 | D:7      | XOM: 1-stop teleportation journey
  1694 | D:7      | XOM: enchant monster (bad)
  1695 | D:7      | XOM: fog
  1704 | D:7      | XOM: blink monster(s)
  1705 | D:7      | Reached skill level 8 in Unarmed Combat
  1735 | D:7      | XOM: cast spell 'Necromutation'
  1740 | D:7      | XOM: confuse monster(s)
  1750 | D:7      | Reached skill level 5 in Fighting
  1750 | D:7      | Reached skill level 1 in Evocations
  1751 | D:7      | XOM: mild Conj miscast
  1757 | D:7      | XOM: 5-stop teleportation journey
  1763 | D:7      | XOM: confusion
  1898 | D:7      | Reached XP level 9. HP: 84/88 MP: 9/9
  1938 | D:8      | Noticed MordorOrchid's ghost (experienced OpFE)
  1945 | D:8      | Reached skill level 5 in Dodging
  1953 | D:8      | XOM: smoke on damage
  1954 | D:8      | Killed MordorOrchid's ghost
  1954 | D:8      | Reached skill level 9 in Unarmed Combat
  2030 | D:8      | XOM: give mutation
  2030 | D:8      | Gained mutation: Your body sometimes deteriorates upon taking damage. [Xom's mischief]
  2164 | D:8      | Found a sparkling altar of Nemelex Xobeh.
  2164 | D:8      | Found a radiant altar of Vehumet.
  2217 | D:8      | XOM: blink monster(s)
  2356 | D:10     | Entered Level 10 of the Dungeon
  2429 | D:10     | Noticed a hill giant
  2436 | D:10     | Killed a hill giant
  2436 | D:10     | Reached skill level 10 in Unarmed Combat
  2465 | D:10     | XOM: 1-stop teleportation journey
  2472 | D:10     | XOM: summons friendly white imp
  2475 | D:10     | XOM: enchant monster (bad)
  2477 | D:10     | XOM: divination: detect items
  2482 | D:10     | XOM: cast spell 'Blink'
  2486 | D:10     | Reached XP level 10. HP: 62/98 MP: 11/11
  2498 | D:10     | XOM: blink monster(s)
  2719 | D:9      | XOM: cast spell 'Dispersal'
  2750 | D:9      | XOM: cast spell 'Blink'
  2756 | D:9      | XOM: blink monster(s)
  2760 | D:9      | XOM: stat loss: -1 Int (10/11)
  2761 | D:9      | XOM: silly message
  2864 | D:8      | Noticed Pikel
  2891 | D:8      | Killed Pikel
  2895 | D:8      | Found a staircase to the Lair.
  3042 | D:9      | Found a staircase to the Orcish Mines.
  3068 | Orc:1    | Entered Level 1 of the Orcish Mines
  3080 | Orc:1    | Found Gitretui's Goods Gallery.
  3091 | Orc:1    | Reached skill level 11 in Unarmed Combat
  3123 | Orc:1    | XOM: harmless Pois miscast
  3189 | Orc:1    | XOM: summons 9 friendly demons
  3207 | Orc:1    | Noticed Erica
  3211 | Orc:1    | XOM: polymorph orc wizard -> gnoll
  3222 | Orc:1    | Killed Erica
  3280 | Orc:1    | XOM: mild Summ miscast
  3315 | Orc:1    | XOM: mild Summ miscast
  3712 | Orc:2    | Found a dark tunnel.
  3721 | Volcano  | Entered a volcano
  3810 | Volcano  | Found a burning altar of Makhleb.
  3810 | Volcano  | Noticed an orc sorcerer
  3821 | Volcano  | Killed an orc sorcerer
  3885 | Volcano  | Reached XP level 11. HP: 79/109 MP: 13/13
  3949 | Volcano  | XOM: noise
  4004 | Orc:1    | Found a roughly hewn altar of Beogh.
  4096 | Orc:3    | Noticed a hill giant
  4103 | Orc:3    | Killed a hill giant
  4119 | Orc:3    | XOM: harmless Necr miscast
  4194 | Orc:3    | XOM: confuse monster(s)
  4247 | Orc:3    | XOM: smoke on damage
  4286 | Orc:3    | Found a flagged portal.
  4295 | Orc:3    | Found a staircase to the Elven Halls.
  4297 | Bailey   | Entered a bailey
  4332 | Bailey   | XOM: destruction
  4405 | Bailey   | Reached skill level 1 in Armour
  4413 | Bailey   | Found an iron altar of Okawaru.
  4427 | Bailey   | :(
  4653 | Orc:4    | Entered Level 4 of the Orcish Mines
  4681 | Orc:4    | Noticed Zebura's ghost (powerful CeBe)
  4682 | Orc:4    | XOM: chaos cloud
  4699 | Orc:4    | Killed Zebura's ghost
  4699 | Orc:4    | Reached skill level 12 in Unarmed Combat
  4699 | Orc:4    | Reached skill level 5 in Evocations
  5059 | Orc:4    | Noticed an ogre mage
  5076 | Orc:4    | XOM: mild Air miscast
  5079 | Orc:4    | Killed an ogre mage
  5092 | Orc:4    | XOM: confusion
  5094 | Orc:4    | XOM: blink monster(s)
  5097 | Orc:4    | XOM: divination: detect items
  5102 | Orc:4    | Reached skill level 13 in Unarmed Combat
  5112 | Orc:4    | Gained mutation: You are surrounded by a mild repulsion field (EV +2). [potion of beneficial mutation]
  5118 | Orc:4    | XOM: stat loss: -1 Dex (8/9)
  5119 | Orc:4    | XOM: colour smoke trail
  5129 | Orc:4    | XOM: confusion (+ monsters)
  5133 | Orc:4    | XOM: confuse monster(s)
  5187 | Orc:4    | XOM: swap monsters
  5205 | Orc:4    | XOM: fog
  5264 | Orc:4    | Noticed an ogre mage
  5271 | Orc:4    | Killed an ogre mage
  5282 | Orc:4    | Reached XP level 12. HP: 118/118 MP: 14/14
  5290 | Orc:4    | Noticed an ogre mage
  5294 | Orc:4    | Killed an ogre mage
  5294 | Orc:4    | Reached skill level 14 in Unarmed Combat
  5298 | Orc:4    | Noticed an ogre mage
  5304 | Orc:4    | Killed an ogre mage
  5344 | Orc:4    | Found Haig's Jewellery Boutique.
  5344 | Orc:4    | Found Xorph's Armour Shoppe.
  5345 | Orc:4    | Found Tocikorch's Weapon Emporium.
  5345 | Orc:4    | Found Lehikits's General Store.
  5355 | Orc:4    | such crap :(
  5358 | Orc:4    | Bought a +0 shield for 72 gold pieces
  5384 | Orc:4    | Bought a cursed ring of teleportation for 246 gold pieces
  5506 | Orc:3    | XOM: 8-stop teleportation journey
  5553 | Orc:3    | Noticed a hill giant
  5564 | Orc:3    | XOM: fog
  5565 | Orc:3    | Killed a hill giant
  5565 | Orc:3    | Reached skill level 1 in Shields
  5586 | Orc:3    | Hit by a large rock thrown by a cyclops

Vault maps used:
D:1:      dpeg_arrival_more_subterranean_lakeside_camping,
          grunt_decor_one_mirror
D:2:      nicolae_overflow_crystal_walls, nicolae_ru_the_path_less_chosen,
          ecumenical_altar_1, hangedman_decor_clover_reticule, kennysheep_donut,
          grunt_ministairs_1, elyvilon_altar_3, uniq_robin
D:4:      uniq_natasha
D:5:      makhleb_heckhound_becter, minmay_temple_entry_statues_pillars,
          first_bread, enter_ossuary_3, serial_bayou_pond_d,
          hangedman_decor_push
D:6:      serial_shops, nicolae_shop_stone, minmay_gold_behind_fungi,
          minivault_27, serial_bayou_ford_a
D:7:      old_forge, basic_altar, grunt_dithmenos_smoke
D:8:      lemuel_coloured_pillars_altar, gammafunk_temple_overflow_wave,
          lair_0_dummy, uniq_joseph, uniq_pikel
D:9:      kennysheep_little_box, erik_orc_2, hangedman_little_slice_of_home
D:10:     kennysheep_crisscross
Temple:   chambers_temple_12
Orc:1:    minmay_goldmine, basic_altar, nicolae_alphabet_shops, uniq_erica
Orc:2:    nicolae_orc_accident_2, enter_volcano_1, basic_altar
Orc:3:    giant_chief_lemuel, enter_bailey_5, nicolae_orc_pool_cavern
Orc:4:    st_orc_ogre_mass, statue_in_the_mist_lemuel
Ossuary:  ossuary_tomb_2
Bailey:   bailey_axe_3, bailey
Volcano:  volcano_lake

Action                   |  1- 3 |  4- 6 |  7- 9 | 10-12 || total
-------------------------+-------+-------+-------+-------++-------
Melee: Unarmed           |    80 |   152 |   281 |   608 ||  1121
 Abil: Evoke Berserk Rag |       |       |     3 |    11 ||    14
Evoke: Wand              |       |       |     3 |     7 ||    10
  Use: Scroll            |     2 |     1 |    11 |     7 ||    21
       Potion            |     1 |     1 |       |     4 ||     6
 Stab: Sleeping          |     1 |       |       |       ||     1
       Invisible         |       |     1 |     1 |     1 ||     3
       Confused          |       |       |     1 |     2 ||     3
       Distracted        |       |       |       |     2 ||     2
  Eat: Chunk             |     7 |     7 |    20 |    54 ||    88
